 Dungeon Crawl Stone Soup version 0.28-a0-724-g66f9036eb4 (webtiles) character file.

Game seed: 16698164083215848239

32 ytrimaz the Chopper (level 3, 0/27 HPs)
             Began as a Demonspawn Gladiator on Oct 26, 2021.
             Succumbed to an adder's poison
             ... on level 2 of the Dungeon.
             The game lasted 00:02:30 (943 turns).

ytrimaz the Chopper (Demonspawn Gladiator)           Turns: 943, Time: 00:02:30

Health: 0/27       AC:  4    Str: 15    XL:     3   Next: 10%
Magic:  4/4        EV: 12    Int:  9    God:
Gold:   109        SH:  0    Dex: 14    Spells: 2/2 levels left

rFire   . . .      SeeInvis .   a - +0 war axe
rCold   . . .      Faith    .   (no shield)
rNeg    . . .      Spirit   .   b - +0 leather armour
rPois   .          Reflect  .   c - +0 helmet
rElec   .          Harm     .   (no cloak)
rCorr   .          Rampage  .   (no gloves)
Will    .....                   (no boots)
Stlth   +.........              (no amulet)
HPRegen 0.09/turn               (no ring)
MPRegen 0.09/turn               (no ring)

@: lethally poisoned (0 -> -3)
A: hooves 1
a: no special abilities


You were on level 2 of the Dungeon.
You visited 1 branch of the dungeon, and saw 2 of its levels.

You collected 109 gold pieces.

Inventory:

Hand Weapons
 a - a +0 war axe (weapon)
Missiles
 d - 3 throwing nets (quivered)
Armour
 b - a +0 leather armour (worn)
 c - a +0 helmet (worn)
Potions
 e - a potion of attraction


   Skills:
 + Level 2.2 Fighting
 + Level 3.4 Axes
 - Level 1.7 Throwing
 - Level 2.6 Dodging
 * Level 1.7 Invocations


You had 2 spell levels left.
You didn't know any spells.
Your spell library was empty.

Dungeon Overview and Level Annotations

Branches:
Dungeon (2/15)

Altars:

Annotations:
D:2 1 runed translucent door, Crazy Yiuf


Innate Abilities, Weirdness & Mutations

You have large cloven feet.


Message History

* * * LOW HITPOINT WARNING * * *
Unknown command.
You see here 11 gold pieces.
You open the door. The hobgoblin closely misses you.
Found a mace.
Found a runed translucent door.
Crazy Yiuf shouts!
Crazy Yiuf sings, "Trees, trees, trees, circus!"
Okay, then.
You aren't carrying any scrolls.
You barely miss the hobgoblin. The hobgoblin closely misses you.
The hobgoblin hits you.
* * * LOW HITPOINT WARNING * * *
Unknown command.
You barely miss the hobgoblin. The hobgoblin hits you.
* * * LOW HITPOINT WARNING * * *
You hit the hobgoblin but do no damage. Your kick misses the hobgoblin.
The hobgoblin barely misses you. The hobgoblin closely misses you.
You slash the hobgoblin!
You kill the hobgoblin!
The adder bites you but does no damage.
You closely miss the adder.
Crazy Yiuf yells, "Cake testudinal sow!"
The adder barely misses you. x2
You barely miss the adder. Your kick misses the adder.
The adder closely misses you. The adder barely misses you.
You closely miss the adder. You kick the adder.
The adder is moderately wounded.
The adder bites you.
* * * LOW HITPOINT WARNING * * *
You are lethally poisoned!
The adder poisons you!
You hit the adder but do no damage.
The adder is moderately wounded.
* * * LOW HITPOINT WARNING * * *
You feel sick. The adder bites you but does no damage.
Crazy Yiuf says, "Paint arga pontify!"
The adder bites you but does no damage.
You closely miss the adder. Your kick misses the adder.
The adder is moderately wounded.
You die...

#.#.... ##.#...#
##......####
........#..# #####
........#..# #)..#
...........# #...#
.#.........# .g.
.#.........# #+#
.....#.....# #@##
.....#.....# ##S#
.....#.....# #.##
....##.....# ##.#
....##.....# ##.##
....##.....# ##.S.#
.......##### #....#
..#>..=# #....#
###....########+..'#


You could see Crazy Yiuf and an adder.

Vanquished Creatures
  3 endoplasms
  2 goblins
  3 hobgoblins
  A quokka (D:1)
  4 ball pythons
  3 bats (D:1)
  3 frilled lizards (D:1)
  5 kobolds
  8 rats
32 creatures vanquished.

Notes
Turn   | Place    | Note
-------+----------+-------------------------------------------
     0 | D:1      | ytrimaz the Demonspawn Gladiator began the quest for the
                  | Orb.
     0 | D:1      | Reached XP level 1. HP: 16/16 MP: 1/1
    56 | D:1      | Reached skill level 1 in Invocations
    59 | D:1      | Reached skill level 3 in Axes
   186 | D:1      | Discovered your monstrous ancestry.
   186 | D:1      | Gained mutation: You have large cloven feet. [demonic
                  | ancestry]
   186 | D:1      | Reached XP level 2. HP: 20/22 MP: 2/2
   700 | D:2      | Reached XP level 3. HP: 21/27 MP: 4/4
   931 | D:2      | Found a runed translucent door.
   932 | D:2      | Noticed Crazy Yiuf
   942 | D:2      | HP: 1/27 [poisoned by an adder]
   943 | D:2      | Succumbed to an adder's poison

Illustrated notes

Levels and vault maps discovered:
D:1:      onia_arrival_pyramid, layout_rooms, minmay_rat_gold_closets
D:2:      layout_basic, st_stairs_12, uniq_crazy_yiuf_cottage

Skill      XL: |  1 |
---------------+----+-----
Invocations    | 1 |  1.7
Axes           | 3 |  3.4
Fighting       | |  2.2
Throwing       | |  1.7
Dodging        | |  2.6

Action                   || total
-------------------------++-------
Melee: War axe           ||    75
       Kick              ||    12
  Use: Scroll            ||     3
       Potion            ||     1
Armor: Leather armour    ||    47
Dodge: Dodged            ||    93

Table legend: (Time is in decaauts)
 A = Elapsed time spent in this place.
 B = Non-inter-level travel time spent in this place.
 C = Inter-level travel time spent in this place.
 D = Time resting spent in this place.
 E = Time spent auto-exploring this place.
 F = Levels seen in this place.
 G = Mean time per level.
                   A        B        C        D        E       F      G
               +--------+--------+--------+--------+--------+-----+--------+
         Total |    966 |    955 |     11 |      0 |    644 |   2 |  483.0 |
       Dungeon |    966 |    955 |     11 |      0 |    644 |   2 |  483.0 |
               +--------+--------+--------+--------+--------+-----+--------+

Top non-repeatable levels by time:
     D:1: 706 daAuts
     D:2: 259 daAuts
